 Dungeon Crawl Stone Soup version 0.29-a0-559-g359e09b9d1 (webtiles) character file.

Game seed: 4250885659963375534

5119 Lekart the Cruncher (level 10, -1/88 HPs)
             Began as a White Draconian Chaos Knight on June 10, 2022.
             Was a Plaything of Xom.
             Slain by a yak (6 damage)
             ... on level 9 of the Dungeon.
             The game lasted 00:14:01 (10493 turns).

Lekart the Cruncher (White Draconian Chaos Knight) Turns: 10493, Time: 00:14:02

Health: -1/88      AC: 12    Str: 20    XL:     10   Next: 32%
Magic:  10/10      EV: 14    Int: 11    God:    Xom [......]
Gold:   509        SH:  5    Dex: 12    Spells: 9/9 levels left

rFire   . . .      SeeInvis .   i - +1 lajatang (elec)
rCold   + . .      Faith    .   (shield currently unavailable)
rNeg    + . .      Spirit   .   (body armour unavailable)
rPois   .          Reflect  +   (helmet restricted)
rElec   .          Harm     .   B - +2 cloak
rCorr   .          Rampage  .   z - +1 pair of gloves {Str+3}
Will    .....      Clarity  +   (no boots)
Stlth   +.........              x - amulet of reflection
HPRegen 0.24/turn               n - ring of positive energy
MPRegen 0.12/turn               (no ring)

@: unable to read
A: breathe frost, AC +7, unfitting armour, cold resistance 1, cold-blooded,
antennae 1, stinger 3, clarity, dopey 1, screaming 1, inability to read while
threatened
a: Breathe Frost, Renounce Religion


You were on level 9 of the Dungeon.
You worshipped Xom.
You were a very special plaything of Xom.
You visited 1 branch of the dungeon, and saw 10 of its levels.

You collected 690 gold pieces.
You spent 181 gold pieces at shops.

Inventory:

Hand Weapons
 a - a +0 falchion of chaos
 i - a +1 lajatang of electrocution (weapon)
Missiles
 g - 21 poisoned darts (quivered)
Armour
 z - a +1 pair of gloves of strength (worn)
 B - a +2 cloak (worn)
Jewellery
 f - a ring of poison resistance
 j - an amulet of magic regeneration
 n - a ring of positive energy (left hand)
 x - an amulet of reflection (around neck)
Wands
 o - a wand of paralysis (11)
 q - a wand of charming (4)
 s - a wand of acid (1)
 t - a wand of flame (6)
Scrolls
 c - 3 scrolls of amnesia
 d - 3 scrolls of poison
 l - 2 scrolls of enchant armour
 p - 7 scrolls of teleportation
 r - 5 scrolls of identify
 v - a scroll of fog
 y - a scroll of fear
 A - a scroll of enchant weapon {unknown}
Potions
 e - a potion of degeneration
 h - a potion of berserk rage {unknown}
 m - a potion of flight
 u - 2 potions of heal wounds
 w - 2 potions of haste
Miscellaneous
 b - a piece from Xom's chessboard (15/15)


   Skills:
 + Level 7.8 Fighting
 + Level 4.6 Long Blades
 + Level 10.4 Staves
 + Level 2.8 Throwing
 + Level 7.0 Dodging
 + Level 0.1 Shields
 + Level 2.1 Evocations


You had 9 spell levels left.
You didn't know any spells.
Your spell library contained the following spells:

 Spells                   Type           Power      Damage    Failure   Level
 Poisonous Vapours        Pois/Air       0%         N/A       47%         2
 Confusing Touch          Hex            0%         N/A       71%         3
 Corpse Rot               Necr/Pois/Air  0%         N/A       98%         4
 Yara's Violent Unravell  Hex/Tmut       0%         3d3       100%        5
 Enfeeble                 Hex            0%         N/A       100%        7


Dungeon Overview and Level Annotations

Branches:
Dungeon (10/15)            Temple (0/1) D:5            Lair (0/6) D:8
    Orc: D:9-12

Altars:
Cheibriados
Makhleb
Vehumet
Xom
Yredelemnul

Shops:
D:7 :   D:8 [

Annotations:
D:7 exclusion: downstairs
D:8 1 runed translucent door
D:9 exclusion: downstairs


Innate Abilities, Weirdness & Mutations

You can breathe waves of freezing cold which knock back foes.
Your icy white scales are hard. (AC +7)
You cannot fit into any form of body armour.
Your flesh is cold resistant. (rC+)
You are cold-blooded and may be slowed by cold attacks.
You have a pair of small antennae on your head.
Your tail ends in a wickedly sharp and venomous barb.
You possess an exceptional clarity of mind.
You are dopey. (Int -2)
You occasionally shout uncontrollably at your foes.
You sometimes lose the ability to read scrolls when taking damage.


Message History

Your Dodging skill increases to level 7!
You hit the yak.
The yak is lightly wounded.
You block the yak's attack. The yak gores you. The yak misses you.
You slash the yak!
The yak is heavily wounded.
The yak gores you. The yak barely misses you. The yak gores you!
You hit the yak.
The yak is severely wounded.
You block the yak's attack. The yak gores you. The yak completely misses you.
You hit the yak but do no damage.
The yak is severely wounded.
The yak misses you.
You block the yak's attack. x2; The yak gores you!
You feel threatened and lose the ability to read scrolls!
The yak attacks as you move away! The yak gores you.
The yak attacks as you move away! The yak gores you!
* * * LOW HITPOINT WARNING * * *
The yak attacks as you move away! The yak misses you.
You block the yak's attack. The yak attacks as you move away!
The yak barely misses you.
There is a stone staircase leading up here.
You block the yak's attack. x2
You climb upwards.
Level annotation: exclusion: downstairs
There is a stone staircase leading down here.
The yak attacks as you move away! The yak gores you.
* * * LOW HITPOINT WARNING * * *
You can read scrolls again.
The yak gores you.
You feel threatened and lose the ability to read scrolls!
* * * LOW HITPOINT WARNING * * *
The yak gores you!
* * * LOW HITPOINT WARNING * * *
The yak attacks as you move away! The yak gores you.
* * * LOW HITPOINT WARNING * * *
The yak attacks as you move away! The yak gores you.
* * * LOW HITPOINT WARNING * * *
The yak attacks as you move away! The yak gores you.
You die...
Xom titters!

##.### ##.......####...#
#...######....>.........##
###.....................#
#######......#####....##
###...## ###...# #.>##
##..## #..# #...# ##YY#
#...# ###..@# #..##
########.#...# ###.##
##............## ##..##
#.....##..P....## ###.###
#..######.......###.###
#..## #._.####...##
#...#####...# ##### #
##.<..#....P.#
###.....##.....#


You could see 2 yaks.

Vanquished Creatures
  An elephant (D:8)
  2 hornets
  A wraith (D:8)
  3 yaks (D:10)
  Eustachio (D:4)
  A basilisk (D:8)
  2 steam dragons (D:6)
  Edmund (D:4)
  An acid dragon (D:9)
  A water moccasin (D:8)
  A sky beast (D:6)
  4 black bears
  A centaur (D:7)
  3 bullfrogs
  A kobold brigand (D:9)
  3 necrophages (D:7)
  4 scorpions
  3 wights (D:8)
  15 killer bees
  5 howler monkeys
  A gnoll shaman (D:5)
  3 hounds
  3 orc priests
  3 iguanas
  4 orc wizards
  Robin (D:2)
  4 gnolls (D:5)
  8 adders
  A white imp (D:6)
  An ufetubus (D:5)
  A worm (D:4)
  A dart slug (D:2)
  14 orcs
  4 bats
  7 endoplasms
  5 giant cockroaches
  18 goblins
  13 hobgoblins
  3 jackals (D:1)
  6 quokkas
  6 ball pythons
  3 frilled lizards
  9 kobolds
  4 rats
177 creatures vanquished.

Vanquished Creatures (others)
  A wyvern (D:8)
  2 wights (D:8)
  A giant cockroach zombie (D:1)
  A fungus (D:8)
5 creatures vanquished.

Grand Total: 182 creatures vanquished

Notes
Turn   | Place    | Note
-------+----------+-------------------------------------------
     0 | D:1      | Lekart the Draconian Chaos Knight began the quest for the
                  | Orb.
     0 | D:1      | Reached XP level 1. HP: 19/19 MP: 1/1
    77 | D:1      | XOM: silly message
   208 | D:1      | Reached XP level 2. HP: 26/26 MP: 2/2
   574 | D:1      | Reached XP level 3. HP: 33/33 MP: 3/3
  1020 | D:2      | Noticed Robin
  1025 | D:2      | XOM: smoke on damage
  1403 | D:2      | XOM: potion effect (heal wounds)
  1409 | D:2      | Killed Robin
  1410 | D:2      | Reached XP level 4. HP: 21/40 MP: 4/4
  1682 | D:2      | XOM: divination: detect creatures
  2287 | D:2      | XOM: 6-stop teleportation journey
  2595 | D:2      | Identified a scroll of acquirement
  2595 | D:2      | Acquired a +1 lajatang of electrocution
  2671 | D:3      | XOM: noise
  2702 | D:3      | XOM: divination: detect items
  2752 | D:3      | XOM: silly message
  2901 | D:3      | XOM: silly message
  2972 | D:3      | XOM: silly message
  3267 | D:3      | Reached XP level 5. HP: 47/47 MP: 5/5
  3699 | D:4      | Reached skill level 1 in Staves
  3708 | D:4      | Noticed Eustachio
  3713 | D:4      | XOM: silly message
  3716 | D:4      | XOM: silly message
  3717 | D:4      | XOM: silly message
  3730 | D:4      | XOM: potion effect (might)
  3738 | D:4      | Killed Eustachio
  3739 | D:4      | Reached skill level 2 in Staves
  3739 | D:4      | Reached XP level 6. HP: 31/53 MP: 6/6
  3788 | D:4      | XOM: silly message
  4137 | D:4      | Noticed Edmund
  4137 | D:4      | XOM: summons 6 friendly demons
  4164 | D:4      | Killed Edmund
  4165 | D:4      | Reached skill level 5 in Fighting
  4165 | D:4      | Reached skill level 3 in Staves
  4433 | D:4      | XOM: god gift: bubbling amethyst potion {god gift}
  4694 | D:4      | XOM: scenery: create altars
  4695 | D:5      | XOM: stealth player
  4695 | D:5      | Entered Level 5 of the Dungeon
  4734 | D:5      | XOM: potion effect (invisibility)
  4739 | D:5      | Your scales start taking on an icy white colour.
  4739 | D:5      | Reached XP level 7. HP: 61/61 MP: 7/7
  4739 | D:5      | Gained mutation: Your flesh is cold resistant. (rC+) [White
                  | Draconian growth]
  4746 | D:5      | XOM: give mutations
  4746 | D:5      | Gained mutation: You have hidden genetic potential. [Xom's
                  | grace]
  4746 | D:5      | Gained mutation: Your system is resistant to poisons.
                  | (rPois) [Xom's grace]
  4895 | D:5      | Reached skill level 4 in Staves
  5048 | D:5      | XOM: give mutations
  5048 | D:5      | Gained mutation: You occasionally shout uncontrollably at
                  | your foes. [Xom's mischief]
  5048 | D:5      | Gained mutation: You sometimes lose the ability to read
                  | scrolls when taking damage. [Xom's mischief]
  5048 | D:5      | Gained mutation: You have a pair of small antennae on your
                  | head. [Xom's mischief]
  5048 | D:5      | Gained mutation: Your spells are a little easier to cast,
                  | but a little less powerful. [Xom's mischief]
  5070 | D:5      | XOM: 4-stop teleportation journey
  5081 | D:5      | Found a staircase to the Ecumenical Temple.
  5132 | D:5      | Found a snail-covered altar of Cheibriados.
  5206 | D:5      | Found a radiant altar of Vehumet.
  5322 | D:5      | XOM: give mutations
  5322 | D:5      | Lost mutation: Your system is resistant to poisons. (rPois)
                  | [Xom's mischief]
  5322 | D:5      | Gained mutation: You are dopey. (Int -2) [Xom's mischief]
  5409 | D:5      | XOM: summons 4 hostile demons
  5410 | D:5      | Noticed a chaos spawn
  5410 | D:5      | Noticed a neqoxec
  5424 | D:5      | HP: 1/60 [spore (17)]
  5534 | D:5      | XOM: confusion
  5541 | D:5      | XOM: potion effect (heal wounds)
  5542 | D:5      | XOM: potion effect (brilliance)
  5544 | D:5      | Reached skill level 5 in Staves
  5677 | D:5      | XOM: confusion (+ monsters)
  5684 | D:5      | XOM: potion effect (brilliance)
  5901 | D:6      | Reached XP level 8. HP: 57/69 MP: 8/8
  5909 | D:6      | Gained mutation: Your flesh is heat resistant. (rF+)
                  | [hidden potential]
  6074 | D:6      | Reached skill level 5 in Dodging
  6260 | D:6      | Reached skill level 1 in Evocations
  6264 | D:6      | Reached skill level 6 in Staves
  6577 | D:7      | XOM: enchant monster (good)
  6583 | D:7      | Reached skill level 7 in Staves
  6749 | D:7      | XOM: god gift: 31 gold pieces
  6996 | D:7      | Noticed a hornet
  7000 | D:7      | XOM: confuse monster(s)
  7003 | D:7      | Killed a hornet
  7004 | D:7      | Reached XP level 9. HP: 78/78 MP: 9/9
  7011 | D:7      | Reached skill level 8 in Staves
  7026 | D:7      | Gained mutation: You possess an exceptional clarity of
                  | mind. [hidden potential]
  7026 | D:7      | Lost mutation: You have hidden genetic potential. [hidden
                  | potential expressed]
  7369 | D:7      | XOM: cloud trail
  7586 | D:7      | XOM: god gift: scroll labelled FAOPPIWICUN {god gift}
  7670 | D:7      | Found Nupykh's Book Emporium.
  7925 | D:8      | Found a basalt altar of Yredelemnul.
  8012 | D:8      | Found a staircase to the Lair.
  8012 | D:8      | Noticed an elephant
  8016 | D:8      | XOM: blink monster(s)
  8017 | D:8      | XOM: confuse monster(s)
  8115 | D:7      | XOM: give mutation
  8115 | D:7      | Gained mutation: Your tail ends in a venomous barb. [Xom's
                  | grace]
  8125 | D:7      | XOM: god gift: wand of charming (4)
  8365 | D:8      | Reached skill level 9 in Staves
  8431 | D:8      | XOM: give mutations
  8431 | D:8      | Gained mutation: Your tail ends in a sharp venomous barb.
                  | [Xom's grace]
  8431 | D:8      | Gained mutation: Your tail ends in a wickedly sharp and
                  | venomous barb. [Xom's grace]
  8490 | D:8      | XOM: divine lightning
  8496 | D:8      | XOM: cloud trail
  8679 | D:8      | Noticed a sixfirhy
  8680 | D:8      | Found a runed translucent door.
  8685 | D:8      | Reached skill level 1 in Throwing
  8882 | D:8      | Killed an elephant
  8904 | D:8      | Reached XP level 10. HP: 61/86 MP: 10/10
  9129 | D:8      | XOM: stat loss: -1 Dex (11/12)
  9202 | D:8      | XOM: give mutations
  9202 | D:8      | Lost mutation: Your flesh is heat resistant. (rF+) [Xom's
                  | mischief]
  9202 | D:8      | Lost mutation: Your spells are a little easier to cast, but
                  | a little less powerful. [Xom's mischief]
  9202 | D:8      | Gained mutation: You are clumsy. (Dex -2) [Xom's mischief]
  9202 | D:8      | Lost mutation: You are clumsy. (Dex -2) [Xom's mischief]
  9208 | D:8      | Found Tohom's Armour Boutique.
  9216 | D:8      | Bought a +1 pair of gloves of strength for 181 gold pieces
  9237 | D:8      | Found a shimmering altar of Xom.
  9391 | D:9      | XOM: stat loss: -1 Int (10/11)
  9392 | D:9      | Reached skill level 10 in Staves
  9395 | D:9      | XOM: 2-stop teleportation journey
 10136 | D:9      | Found a burning altar of Makhleb.
 10353 | D:10     | XOM: noise
 10353 | D:10     | Entered Level 10 of the Dungeon
 10438 | D:10     | Noticed a two-headed ogre
 10465 | D:10     | XOM: blink monster(s)
 10475 | D:10     | XOM: enchant monster (bad)
 10493 | D:9      | Slain by a yak

Illustrated notes

Levels and vault maps discovered:
D:1:      dpeg_arrival_rooms_with_view, layout_basic
D:2:      minmay_diamond_boxcup, layout_loops_ring, uniq_robin
D:3:      layout_loops_corners
D:4:      layout_loops_ring, uniq_eustachio, uniq_edmund
D:5:      layout_gridville, mainiacjoe_overflow_alcove_1, vehumet_altar_wand_db,
          minmay_temple_entry_wispy
D:6:      layout_basic, nicolae_underground_beach
D:7:      layout_loops_cross, serial_shops, shop
D:8:      cheibrodos_shockbox, layout_gridville, mainiacjoe_overflow_catwalk,
          mainiacjoe_overflow_alcove_2, david_lair_generic, serial_shops, shop
D:9:      layout_layer_cave, mainiacjoe_overflow_tiny_flanked, minivault_27,
          hangedman_abyss_or_decor_slice
D:10:     layout_roguey, kennysheep_little_box, overflow_temple_1_default,
          kennysheep_crisscross, hex_tiny, minmay_fractal_squares_diagonal_5,
          uniq_lodul

Skill      XL: |  1  2  3  4  5  6  7  8  9 10 |
---------------+-------------------------------+-----
Fighting       | 4 5 6 7 |  7.8
Long Blades    | 4 |  4.6
Staves         | 2 3 5 7 9 10 | 10.4
Dodging        | 3 4 5 6 7 |  7.0
Evocations     | 1 2 |  2.1
Throwing       | 1 2 |  2.8
Shields        | |  0.1

Action                   |  1- 3 |  4- 6 |  7- 9 | 10-12 || total
-------------------------+-------+-------+-------+-------++-------
Melee: Falchion          |   146 |    50 |       |       ||   196
       Tailslap          |    12 |    11 |    25 |     8 ||    56
       Lajatang          |       |    86 |   209 |    59 ||   354
Throw: Dart              |     3 |     6 |    25 |     1 ||    35
       Throwing net      |       |       |     1 |       ||     1
 Abil: Breathe Frost     |       |       |     4 |     1 ||     5
Evoke: Piece from Xom's  |     1 |       |       |       ||     1
       Wand              |       |       |    13 |       ||    13
  Use: Scroll            |       |     7 |     9 |       ||    16
       Potion            |       |     3 |     6 |       ||     9
 Stab: Sleeping          |     2 |     2 |       |       ||     4
       Invisible         |       |     3 |     3 |       ||     6
       Paralysed         |       |       |     2 |       ||     2
       Confused          |       |       |     1 |       ||     1
Armor: Skin              |    70 |    76 |   102 |    20 ||   268
Dodge: Dodged            |   116 |   146 |   228 |    45 ||   535
Block: Other             |       |       |       |    13 ||    13

Table legend: (Time is in decaauts)
 A = Elapsed time spent in this place.
 B = Non-inter-level travel time spent in this place.
 C = Inter-level travel time spent in this place.
 D = Time resting spent in this place.
 E = Time spent auto-exploring this place.
 F = Levels seen in this place.
 G = Mean time per level.
                   A        B        C        D        E       F      G
               +--------+--------+--------+--------+--------+-----+--------+
         Total |  10543 |  10155 |    388 |   1135 |   7522 |  10 | 1054.3 |
       Dungeon |  10543 |  10155 |    388 |   1135 |   7522 |  10 | 1054.3 |
               +--------+--------+--------+--------+--------+-----+--------+

Top non-repeatable levels by time:
     D:7: 1667 daAuts
     D:1: 1348 daAuts
     D:2: 1305 daAuts
     D:8: 1159 daAuts
     D:5: 1127 daAuts
     D:4: 1105 daAuts
     D:9: 1075 daAuts
     D:3: 995 daAuts
     D:6: 729 daAuts
    D:10: 30 daAuts
